 Dungeon Crawl Stone Soup version 0.28.0-53-g5a82cb258f (webtiles) character file.

Game seed: 7335837313022037867

506870 LustLizard the Slayer (level 23, -11/239 HPs)
             Began as a Minotaur Berserker on July 12, 2022.
             Was the Champion of Trog.
             Killed from afar by a black draconian knight (22 damage)
             ... with a bolt of cold
             ... on level 1 of the Realm of Zot on July 13, 2022.
             The game lasted 02:49:01 (73991 turns).

LustLizard the Slayer (Minotaur Berserker)         Turns: 73991, Time: 02:49:02

Health: -11/239    AC: 44    Str: 32    XL:     23   Next: 86%
Magic:  22/22      EV: 13    Int:  9    God:    Trog [******]
Gold:   1503       SH: 14    Dex: 14    Spells: 22/22 levels left

rFire   + . .      SeeInvis .   M - +8 broad axe (flame)
rCold   + . .      Faith    .   Y - +0 kite shield
rNeg    + + .      Spirit   .   t - +8 orange crystal plate armour {Archmagi, Int+3 Clar}
rPois   +          Reflect  .   S - +1 hat {Will+}
rElec   .          Harm     .   P - +2 cloak {rCorr}
rCorr   +          Rampage  .   y - +1 pair of gloves
Will    +++++      Archmagi +   p - +0 pair of boots of the Valley of Death {Fly Regen+ MP+9}
Stlth   .......... Clarity  +   L - amulet of Eternity {Regen+ Stlth+}
HPRegen 2.09/turn               a - ring of Noon {rPois rC+ rN++ Will+++ MP-9}
MPRegen 0.18/turn               C - ring of the City {rF+ Will+ Str+5}

@: flying
A: horns 2, retaliatory headbutt
}: 3/15 runes: barnacled, silver, gossamer
a: Renounce Religion, Berserk, Trog's Hand, Brothers in Arms


You were on level 1 of the Realm of Zot.
You worshipped Trog.
Trog was exalted by your worship.
You visited 9 branches of the dungeon, and saw 44 of its levels.
You also visited: Ossuary.

You collected 6001 gold pieces.
You spent 4498 gold pieces at shops.

Inventory:

Hand Weapons
 u - a +5 executioner's axe of flaming
 M - a +8 broad axe of flaming (weapon)
Missiles
 f - 7 silver javelins
 n - 76 poisoned darts
 w - 18 boomerangs (quivered)
 D - 7 throwing nets
 I - 8 javelins
 J - 12 curare-tipped darts
Armour
 p - the +0 pair of boots of the Valley of Death (worn) {Fly Regen+ MP+9}
   (You found it on level 4 of the Vaults)

   MP:        It affects your magic capacity (+9).
   Fly:       It grants you flight.
   Regen:     It increases your rate of health regeneration.
 t - the +8 orange crystal plate armour (worn) {Archmagi, Int+3 Clar}
   (You found it on level 5 of the Lair of Beasts)

   Int:       It affects your intelligence (+3).
   Clar:      It protects you against confusion.
 y - a +1 pair of gloves (worn)
 P - a +2 cloak of preservation (worn)
 S - a +1 hat of willpower (worn)
 Y - a +0 kite shield (worn)
Jewellery
 a - the ring of Noon (left hand) {rPois rC+ rN++ Will+++ MP-9}
   (You took it off a yaktaur captain on level 5 of the Vaults)

   [ring of protection from cold]

   rC:        It protects you from cold.
   rPois:     It protects you from poison.
   rN:        It greatly protects you from negative energy.
   MP:        It affects your magic capacity (-9).
   Will:      It greatly increases your willpower.
 c - the ring "Refybyem" {rN+ MP+9}
   (You found it on level 5 of the Vaults)

   [ring of magical power]

   rN:        It protects you from negative energy.
   MP:        It affects your magic capacity (+9).
 i - a ring of see invisible
 m - a +4 ring of evasion
 B - a ring of flight
 C - the ring of the City (right hand) {rF+ Will+ Str+5}
   (You bought it in a shop on level 1 of the Depths)

   [ring of willpower]

   Str:       It affects your strength (+5).
   rF:        It protects you from fire.
   Will:      It increases your willpower.
 F - a ring of protection from cold
 K - the necklace of Bloodlust {*Rage Will++ Int-3 Slay+6}
   (You took it off a vault sentinel on level 5 of the Vaults)

   [amulet of nothing]

   It extends the wearer's berserk rage when killing foes.
   Int:       It affects your intelligence (-3).
   Slay:      It affects your accuracy & damage with ranged weapons and melee
   (+6).
   *Rage:     It berserks you when you make melee attacks (+50% chance).
   Will:      It greatly increases your willpower.
 L - the amulet of Eternity (around neck) {Regen+ Stlth+}
   (You took it off a deep elf demonologist on level 3 of the Elven Halls)

   [amulet of regeneration]

   Regen:     It increases your rate of health regeneration.
   Stlth:     It makes you more stealthy.
Wands
 d - a wand of iceblast (34)
 E - a wand of polymorph (30)
 G - a wand of charming (7)
 H - a wand of flame (55)
 V - a wand of acid (12)
 X - a wand of mindburst (15)
 Z - a wand of paralysis (19)
Scrolls
 g - 3 scrolls of blinking
 h - 12 scrolls of teleportation
 o - 7 scrolls of identify
 r - a scroll of holy word
 s - 4 scrolls of silence
 v - 6 scrolls of fear
 x - 5 scrolls of magic mapping
 Q - 2 scrolls of fog
 R - a scroll of enchant armour
Potions
 b - 5 potions of lignification
 j - 3 potions of resistance
 k - 25 potions of curing
 l - 8 potions of might
 q - 10 potions of heal wounds
 A - 9 potions of haste
 N - 3 potions of invisibility
 O - 8 potions of ambrosia
 U - 4 potions of mutation
 W - 2 potions of cancellation
Miscellaneous
 e - a tin of tremorstones (2/2)
 z - a phantom mirror
 T - a condenser vane


   Skills:
 + Level 26.8 Fighting
 - Level 18.0 Axes
 - Level 16.0 Throwing
 + Level 20.7 Armour
 + Level 17.4 Dodging
 - Level 16.0 Shields
 + Level 16.3 Evocations


You had 22 spell levels left.
You didn't know any spells.
Your spell library was empty.

Dungeon Overview and Level Annotations

Branches:
Dungeon (15/15)            Temple (0/1) D:4            Lair (6/6) D:9
 Shoals (4/4) Lair:4       Spider (4/4) Lair:3        Slime (0/5) Lair:5
    Orc (2/2) D:12            Elf (3/3) Orc:2        Vaults (5/5) D:13
  Crypt (0/3) Vaults:3     Depths (4/4) D:15            Zot (1/5) Depths:4
Ossuary (visited)

Altars:
Ashenzari
Dithmenos
Fedhas
Gozag
Kikubaaqudgha
Nemelex Xobeh
Okawaru
Trog
Vehumet
Xom
Yredelemnul
The Shining One

Shops:
D:4 =   D:12 =([   D:15 [   Orc:2 !(!=   Elf:2 :   Elf:3 *   Vaults:5 ?!!
Depths:1 =*   Depths:2 [   Depths:4 *

Portals:
Hell: Depths:1 Depths:2 Depths:3 Depths:4
Abyss: Depths:3
Pandemonium: Depths:2 Depths:4
Ziggurat: Depths:1

Annotations:
D:10 1 runed translucent door, Sanktem7's ghost, novice MiBe
D:13 3 runed translucent doors, OceanMan's ghost, journeyman MiFi
Lair:6 exclusion: obsidian statue
Elf:3 3 runed translucent doors, SuperSeabass's ghost, adept VSAM


Innate Abilities, Weirdness & Mutations

You have a pair of horns on your head.
You reflexively headbutt those who attack you in melee.


Message History

The black draconian knight completely resists.
The yellow draconian closely misses you.
You feel much better.
The purple draconian hits you but does no damage.
You block the red draconian's attack.
The black draconian knight hits you but does no damage.
The yellow draconian closely misses you.
You feel much better.
You block the purple draconian's attack.
The red draconian hits you with a +0 vampiric battleaxe!!
* * * LOW HITPOINT WARNING * * *
The red draconian draws strength from your wounds!
The black draconian knight casts a spell at you.
The shard of ice hits you!!! You partially resist.
* * * LOW HITPOINT WARNING * * *
The yellow draconian hits you but does no damage.
You feel much better.
The purple draconian breathes dispelling energy at you.
The bolt of dispelling energy hits you!
You feel strangely stable.
Your magical effects are unravelling.
* * * LOW HITPOINT WARNING * * *
You block the red draconian's attack.
The black draconian knight gestures at you while chanting.
The bolt of cold hits you! You resist.
* * * LOW HITPOINT WARNING * * *
The yellow draconian hits you but does no damage.
You slice the red draconian!! You burn the red draconian!
You kill the red draconian!
Trog accepts your kill.
The black draconian knight blocks your attack.
You are no longer corroded.
The purple draconian hits you but does no damage.
The black draconian knight hits you but does no damage.
Blink to where?
Press: ? - help, Dir - move target
As you read the scroll of blinking, it crumbles to dust.
The black draconian knight casts a spell at you.
The bolt of cold hits you!! You resist.
You die...

#..[....# ####.......#
#....####### #...)#
#....# ###....###### #..
#...........# ....#
#...........# ....#
#..........@# ....#
#...........####....###
...#######..............
.... #..............
..... #..............
.... #......q)d.....
#..^...§d......
###########.... ...


You could see a black draconian knight and a yellow draconian.

Vanquished Creatures
  A dread lich (Vaults:5)
  An ancient lich (Vaults:5)
  Mara (Spider:3)
  Bai Suzhen (Spider:3)
  A caustic shrike (Depths:3)
  4 golden dragons
  Nikola (Spider:4)
  2 bone dragons (Depths:4)
  A pearl dragon (Depths:2)
  An electric golem (Zot:1)
  Jorgrun (Shoals:3)
  5 tentacled monstrosities
  A deep elf master archer (Elf:3)
  6 liches
  A walking earthen tome (Depths:3)
  3 deep elf blademasters
  4 quicksilver dragons
  An ancient champion (Depths:1)
  11 sphinxes
  Polyphemus (Shoals:4)
  Kirke (D:15)
  5 tengu reavers
  4 storm dragons
  7 shadow dragons
  A draconian monk (Depths:4)
  Roxanne (Spider:4)
  20 slime creatures
  10 fire giants
  6 frost giants
  2 draconian scorchers (Zot:1)
  9 vault wardens
  5 iron dragons
  3 deep elf sorcerers
  An orc warlord (Depths:1)
  An emperor scorpion (Lair:3)
  4 ghost moths (Spider:4)
  A balrug (Depths:1)
  2 deep elf elementalists (Elf:3)
  A broodmother (shapeshifter) (Vaults:5)
  A draconian stormcaller (Depths:4)
  A draconian shifter (Depths:4)
  A broodmother (Spider:4)
  28 very ugly things
  2 war gargoyles
  11 ironbound preservers
  9 ironbound thunderhulks
  2 entropy weavers
  3 vampire knights
  19 stone giants
  2 deep elf annihilators
  9 deep elf demonologists
  6 black draconians
  2 spark wasps
  A minotaur (Shoals:4)
  2 purple draconians (Zot:1)
  A red draconian (Zot:1)
  A white draconian (Depths:4)
  10 dire elephants
  A crystal guardian (Vaults:4)
  2 deep elf death magi (Elf:3)
  10 ettins
  A merfolk javelineer (Shoals:3)
  A yellow draconian (Zot:1)
  A blizzard demon (Depths:1)
  4 fire dragons (Depths:2)
  Josephine (D:15)
  6 merfolk impalers
  3 rakshasas (Depths:2)
  10 yaktaur captains
  5 great orbs of eyes
  4 hydras
  7 deep elf high priests
  32 vault guards
  7 boulder beetles
  A jorogumo (Spider:4)
  2 catoblepae
  5 ice dragons
  7 ironbound frosthearts
  A hell beast (Depths:1)
  5 ogre magi
  6 spriggan air magi
  4 merfolk avatars
  2 radroaches
  A merfolk aquamancer (Shoals:3)
  21 centaur warriors
  Erica (D:11)
  23 two-headed ogres
  10 satyrs
  5 deep troll shamans
  4 vampire magi
  5 deep troll earth magi
  2 alligator snapping turtles (Shoals:4)
  6 tengu warriors
  7 death yaks
  25 dancing weapons
  10 spriggan berserkers
  A titan zombie (Vaults:4)
  5 hell knights
  A titan skeleton (Vaults:4)
  3 pharaoh ants
  14 deep elf knights
  2 spectral death yaks (Lair:6)
  2 sun moths
  12 skeletal warriors
  7 sea snakes
  A fire crab (shapeshifter) (D:15)
  5 iron trolls
  4 flayed ghosts
  11 orb spiders
  A death drake (shapeshifter) (Vaults:5)
  A kraken simulacrum (Shoals:2)
  A glowing orange brain (Depths:1)
  A spectral anaconda (Lair:6)
  A lindwurm (shapeshifter) (Elf:1)
  7 wizards
  35 deep trolls
  8 steelbarb worms
  2 tengu zombies
  Pikel (D:6)
  2 bog bodies (Shoals:3)
  7 deep elf archers
  33 harpies
  3 orc knights
  24 deep elf pyromancers
  A harpy (shapeshifter) (Vaults:4)
  16 ironbound convokers
  16 deep elf zephyrmancers
  5 phantasmal warriors
  15 necromancers
  4 lindwurms
  26 wolf spiders
  34 ugly things
  4 oklob plants (Lair:5)
  26 fauns
  4 orc sorcerers
  A shadow dragon skeleton (Depths:2)
  21 manticores
  11 cyclopes
  9 moths of wrath
  9 black mambas
  8 merfolk sirens
  An elephant (shapeshifter) (Vaults:3)
  4 centaur zombies
  A frost giant skeleton (Vaults:4)
  18 elephants (Lair:6)
  A titan simulacrum (Depths:2)
  14 vault sentinels
  6 torpor snails
  6 water nymphs
  2 unseen horrors (D:11)
  11 cane toads
  Maggie (D:7)
  2 dire elephant skeletons (Lair:6)
  3 rime drakes (Lair:5)
  An efreet (D:15)
  7 demonic crawlers
  2 freezing wraiths
  5 komodo dragons
  17 yaktaurs
  A rime drake (shapeshifter) (Elf:1)
  An ice devil (Depths:2)
  2 kobold demonologists
  2 human skeletons (Vaults:4)
  A yaktaur skeleton (Vaults:4)
  12 meliai
  13 trolls
  25 merfolk
  9 hornets
  7 wind drakes
  5 dream sheep
  20 tarantellas
  12 blink frogs
  A stone giant simulacrum (Vaults:4)
  A deep troll zombie (Vaults:3)
  8 snapping turtles
  A sphinx simulacrum (Depths:2)
  30 jumping spiders
  2 spectral elephants (Lair:6)
  A spriggan zombie (Depths:1)
  15 culicivoras
  4 air elementals
  A shadow (D:6)
  12 water elementals
  3 spriggans
  2 vampires
  8 wyverns
  10 basilisks
  8 wraiths
  51 yaks
  2 alligator snapping turtle simulacra (Shoals:2)
  Eustachio (D:6)
  3 hogs (D:15)
  7 humans (D:13)
  Menkaure (Ossuary)
  A spriggan simulacrum (Depths:1)
  2 fire elementals (Elf:3)
  3 sea snake simulacra (Shoals:2)
  6 wargs
  51 redbacks
  12 vampire mosquitoes
  A harpy simulacrum (Shoals:2)
  A steam dragon (D:8)
  2 death yak simulacra
  10 water moccasins
  A spectral cane toad (Lair:6)
  2 acid dragons
  Duvessa (D:6)
  A floating eye (shapeshifter) (Vaults:5)
  A hornet zombie (D:6)
  An ogre skeleton (Vaults:3)
  3 black bears
  23 orc warriors
  A human zombie (Vaults:4)
  An elephant zombie (Lair:6)
  3 satyr simulacra (Shoals:2)
  A deep troll simulacrum (Vaults:3)
  8 boggarts
  27 ogres
  12 wolves
  3 elephant skeletons (Lair:6)
  6 centaurs
  A phantom (D:6)
  9 kobold brigands
  13 bullfrogs
  2 merfolk simulacra (Shoals:2)
  2 wyvern zombies
  3 earth elementals
  A scorpion (D:6)
  A cane toad simulacrum (Lair:6)
  A wyvern skeleton (D:5)
  Dowan (D:6)
  19 killer bees
  A manticore simulacrum (Shoals:2)
  3 snapping turtle simulacra (Shoals:2)
  4 howler monkeys
  6 electric eels
  2 jellies
  Crazy Yiuf (D:6)
  14 orc priests
  A gnoll shaman (D:7)
  3 hounds
  Terence (D:2)
  A cyclops simulacrum (Shoals:2)
  3 iguanas
  27 orc wizards
  A bullfrog skeleton (D:4)
  A hell rat (D:9)
  A hound zombie (D:5)
  3 mummies (Ossuary)
  Robin (D:2)
  A river rat (D:9)
  8 adders
  20 gnolls
  2 howler monkey skeletons
  A shadow imp (D:6)
  A white imp (D:6)
  3 adder skeletons (D:4)
  A worm (D:4)
  3 dart slugs
  102 orcs
  5 endoplasms
  2 giant cockroaches
  4 gnoll zombies (Ossuary)
  14 goblins
  9 hobgoblins
  15 jackals
  25 kobolds
  A quokka (D:4)
  3 ball pythons
  A bat (D:1)
  5 frilled lizards
  5 gnoll skeletons (Ossuary)
  4 goblin skeletons (Ossuary)
  7 goblin zombies (Ossuary)
  2 hobgoblin skeletons (Ossuary)
  4 hobgoblin zombies (Ossuary)
  4 kobold skeletons (Ossuary)
  4 kobold zombies (Ossuary)
  9 orc skeletons (Ossuary)
  4 orc zombies (Ossuary)
  2 rats
  A rat skeleton (Ossuary)
  2 rat zombies (Ossuary)
  A tentacle (Shoals:2)
1866 creatures vanquished.

Vanquished Creatures (collateral kills)
  A dread lich (Vaults:4)
  Mennas (Depths:3)
  Rupert (D:15)
  A deep elf master archer (Elf:3)
  A shadow dragon (Depths:3)
  A storm dragon (Depths:3)
  2 emperor scorpions (Spider:4)
  2 deep elf elementalists (Elf:3)
  A war gargoyle (Vaults:4)
  An entropy weaver (Spider:1)
  A spark wasp (Spider:4)
  A deep elf death mage (Elf:3)
  A yaktaur captain (Vaults:4)
  9 vault guards (Vaults:5)
  A peacekeeper (Vaults:4)
  An ironbound frostheart (Vaults:1)
  4 centaur warriors (Vaults:1)
  A two-headed ogre (D:8)
  A deep troll shaman (Depths:3)
  A spriggan berserker (Depths:3)
  A pharaoh ant (Spider:1)
  A deep troll (Depths:3)
  A steelbarb worm (Spider:1)
  An orb spider (Spider:1)
  A deep elf pyromancer (Elf:1)
  A deep elf zephyrmancer (Elf:1)
  A harpy (Vaults:1)
  A wolf spider (Spider:4)
  A cyclops (D:15)
  3 yaktaurs
  A hornet (Spider:4)
  A culicivora (Spider:1)
  A jumping spider (Spider:3)
  2 redbacks
  A water moccasin (D:8)
  An ice beast (D:8)
  A bullfrog (D:8)
  A howler monkey (D:8)
  2 howler monkey zombies (D:8)
56 creatures vanquished.

Vanquished Creatures (others)
  Nessos (Lair:6)
  A vampire knight (Depths:2)
  A fire dragon (Depths:2)
  A wizard (Vaults:1)
  A harpy (Shoals:4)
  A deep elf archer (Elf:3)
  A wolf spider (Spider:2)
  2 manticores (Shoals:4)
  A human (D:13)
  A redback (Spider:2)
  An orc wizard (Depths:1)
  An orc (Orc:2)
  28 fungi
  143 plants
  3 tentacles (Shoals:2)
  20 withered plants (Lair:6)
207 creatures vanquished.

Grand Total: 2129 creatures vanquished

Notes
Turn   | Place    | Note
-------+----------+-------------------------------------------
     0 | D:1      | LustLizard the Minotaur Berserker began the quest for the
                  | Orb.
     0 | D:1      | Reached XP level 1. HP: 19/19 MP: 0/0
   259 | D:1      | Reached XP level 2. HP: 24/27 MP: 1/1
   262 | D:1      | Reached skill level 1 in Throwing
   548 | D:1      | Reached ** piety under Trog
   581 | D:1      | Reached XP level 3. HP: 33/33 MP: 2/2
   811 | D:1      | Reached skill level 4 in Fighting
  1367 | D:2      | Noticed Terence
  1372 | D:2      | Killed Terence
  1373 | D:2      | Reached XP level 4. HP: 30/40 MP: 3/3
  1494 | D:2      | Noticed Robin
  1501 | D:2      | Reached skill level 5 in Axes
  1502 | D:2      | Killed Robin
  2302 | D:3      | Reached XP level 5. HP: 28/47 MP: 4/4
  2577 | D:3      | You fall into a shaft and drop 1 floor!
  2651 | D:4      | Reached XP level 6. HP: 30/55 MP: 5/5
  2702 | D:4      | Found a broken altar of Ashenzari.
  2715 | D:4      | Reached skill level 5 in Fighting
  2781 | D:4      | Found a shadowy altar of Dithmenos.
  2793 | D:4      | Found a staircase to the Ecumenical Temple.
  2820 | D:4      | Reached *** piety under Trog
  2942 | D:4      | Found a sand-covered staircase.
  2946 | Ossuary  | Entered an ossuary
  3297 | Ossuary  | Reached XP level 7. HP: 61/61 MP: 6/6
  3346 | Ossuary  | Reached **** piety under Trog
  3422 | Ossuary  | Noticed Menkaure
  3433 | Ossuary  | Killed Menkaure
  3879 | D:4      | Found a basalt altar of Yredelemnul.
  4133 | D:4      | Found Reqodghuk's Jewellery Shoppe.
  4456 | D:5      | Entered Level 5 of the Dungeon
  4479 | D:4      | Reached skill level 5 in Throwing
  4594 | D:3      | Found a shimmering altar of Xom.
  4595 | D:3      | Found a shimmering altar of Xom.
  4595 | D:3      | Found a shimmering altar of Xom.
  4596 | D:3      | Found a shimmering altar of Xom.
  4600 | D:3      | Found a shimmering altar of Xom.
  4600 | D:3      | Found a shimmering altar of Xom.
  4706 | D:3      | Found a large runed translucent door.
  4707 | D:3      | Found a large runed translucent door.
  4857 | D:3      | Found a faded altar of an unknown god.
  5035 | D:3      | Found a glowing golden altar of the Shining One.
  5045 | D:3      | Found a bloodstained altar of Trog.
  5090 | D:5      | Found a sparkling altar of Nemelex Xobeh.
  5090 | D:5      | Found an opulent altar of Gozag.
  5622 | D:5      | Found an iron altar of Okawaru.
  5828 | D:5      | Reached skill level 6 in Fighting
  5842 | D:5      | Reached XP level 8. HP: 60/70 MP: 7/7
  6488 | D:5      | Reached ***** piety under Trog
  7243 | D:6      | Reached skill level 1 in Evocations
  7751 | D:6      | Noticed Duvessa
  7751 | D:6      | Noticed Dowan
  7765 | D:6      | Killed Duvessa
  7771 | D:6      | Killed Dowan
  7805 | D:6      | Found a blossoming altar of Fedhas.
  7850 | D:6      | Found a runed translucent door.
  7851 | D:6      | Noticed Crazy Yiuf
  7857 | D:6      | Killed Crazy Yiuf
  7936 | D:6      | Reached skill level 7 in Fighting
  7936 | D:6      | Reached XP level 9. HP: 49/79 MP: 8/8
  8040 | D:6      | Noticed Eustachio
  8080 | D:6      | Killed Eustachio
  8187 | D:6      | Noticed Pikel
  8220 | D:6      | Killed Pikel
  8733 | D:6      | Reached skill level 10 in Axes
  9869 | D:7      | Noticed Maggie
  9878 | D:7      | Killed Maggie
  9879 | D:7      | Reached skill level 8 in Fighting
  9949 | D:7      | Reached XP level 10. HP: 79/88 MP: 9/9
 10025 | D:7      | Reached skill level 5 in Evocations
 10477 | D:8      | Received a gift from Trog
 10673 | D:8      | Found a radiant altar of Vehumet.
 10860 | D:8      | Noticed a two-headed ogre
 10862 | D:8      | Noticed a manticore
 10871 | D:8      | Killed a two-headed ogre
 10876 | D:8      | Killed a manticore
 11626 | D:9      | Noticed a two-headed ogre
 11695 | D:9      | Killed a two-headed ogre
 11793 | D:9      | Reached skill level 9 in Fighting
 12019 | D:9      | Reached XP level 11. HP: 97/97 MP: 10/10
 12128 | D:9      | Noticed a death yak
 12133 | D:9      | Identified the +11 long sword "Gezxeask" {drain, Int+3}
 12141 | D:9      | Killed a death yak
 12172 | D:9      | Found a staircase to the Lair.
 12174 | D:9      | Noticed a death yak
 12174 | D:9      | Noticed a death yak
 12197 | D:9      | Killed a death yak
 12336 | D:9      | Killed a death yak
 12337 | D:9      | Reached skill level 10 in Throwing
 12966 | D:10     | Entered Level 10 of the Dungeon
 13043 | D:10     | Noticed a two-headed ogre
 13067 | D:10     | Killed a two-headed ogre
 13177 | D:10     | Noticed a skeletal warrior
 13191 | D:10     | Killed a skeletal warrior
 13374 | D:10     | Noticed a skeletal warrior
 13385 | D:10     | Killed a skeletal warrior
 13455 | D:10     | Noticed a skeletal warrior
 13464 | D:10     | Killed a skeletal warrior
 13687 | D:10     | Found a runed translucent door.
 13689 | D:10     | Noticed Sanktem7's ghost (novice MiBe)
 13689 | D:10     | Noticed a spriggan rider
 13690 | D:10     | Identified the +3 trident of Ofirph {speed, Int+6}
 14241 | D:11     | Noticed a two-headed ogre
 15384 | D:11     | Noticed Erica
 15480 | D:11     | Killed Erica
 15481 | D:11     | Reached skill level 10 in Fighting
 15637 | D:11     | Noticed a two-headed ogre
 15659 | D:11     | Killed a two-headed ogre
 15810 | D:11     | Reached XP level 12. HP: 88/106 MP: 11/11
 15915 | D:11     | Killed a two-headed ogre
 16890 | D:12     | Found Feown's Weapon Boutique.
 16892 | D:12     | Found a staircase to the Orcish Mines.
 16926 | D:12     | Found Syemniuck's Armour Boutique.
 17040 | D:12     | Found Haddibb's Jewellery Shop.
 17998 | Orc:1    | Entered Level 1 of the Orcish Mines
 19380 | Orc:1    | Received a gift from Trog
 19601 | Orc:2    | Entered Level 2 of the Orcish Mines
 20229 | Orc:2    | Noticed a two-headed ogre
 20233 | Orc:2    | Noticed an ogre mage
 20255 | Orc:1    | Killed a two-headed ogre
 20395 | Orc:2    | Reached skill level 11 in Fighting
 20476 | Orc:2    | Killed an ogre mage
 20498 | Orc:2    | Noticed a two-headed ogre
 20510 | Orc:2    | Killed a two-headed ogre
 20571 | Orc:2    | Noticed a two-headed ogre
 20582 | Orc:2    | Killed a two-headed ogre
 20583 | Orc:2    | Reached skill level 15 in Axes
 20643 | Orc:2    | Noticed a two-headed ogre
 20650 | Orc:2    | Killed a two-headed ogre
 20651 | Orc:2    | Reached XP level 13. HP: 92/116 MP: 12/12
 20750 | Orc:2    | Paralysed by something for 6 turns
 21143 | Orc:2    | Reached skill level 10 in Evocations
 21772 | Orc:2    | Found Menku's Weapon Boutique.
 21774 | Orc:2    | Found Goifyef's Jewellery Boutique.
 21800 | Orc:2    | Found Utuext's Distillery.
 21809 | Orc:2    | Found Sapliyhi's Distillery.
 22047 | Orc:2    | Found a staircase to the Elven Halls.
 22189 | D:12     | Bought the +2 plate armour of Analysis {+Blink rPois Dex+8}
                  | for 952 gold pieces
 22284 | Lair:1   | Entered Level 1 of the Lair of Beasts
 22620 | Lair:1   | Received a gift from Trog
 23811 | Lair:2   | Reached skill level 12 in Fighting
 24376 | Lair:3   | Found a hole to the Spider Nest.
 24921 | Lair:3   | Reached skill level 5 in Armour
 25540 | Lair:4   | Reached XP level 14. HP: 115/126 MP: 13/13
 26034 | Lair:4   | Found a staircase to the Shoals.
 26420 | Lair:5   | Found the +8 orange crystal plate armour {Archmagi, Int+3
                  | Clar}
 26432 | Lair:5   | Identified the +0 ring mail of Protective Custody {Will+}
 26474 | Lair:5   | Received a gift from Trog
 27260 | Lair:5   | Found a staircase to the Slime Pits.
 28185 | Lair:6   | Entered Level 6 of the Lair of Beasts
 28916 | Lair:6   | Noticed Nessos
 28927 | Lair:6   | Killed Nessos
 29323 | Lair:6   | Reached skill level 13 in Fighting
 31007 | Lair:6   | Received a gift from Trog
 31016 | Lair:6   | Reached XP level 15. HP: 132/136 MP: 14/14
 31840 | D:13     | Found a runed translucent gate.
 32056 | D:13     | Reached skill level 15 in Throwing
 32458 | D:13     | Reached skill level 10 in Armour
 32490 | D:13     | Found a gate to the Vaults.
 32762 | D:13     | Found a runed translucent gate.
 32762 | D:13     | Found a runed translucent gate.
 32765 | D:13     | Noticed OceanMan's ghost (journeyman MiFi)
 32768 | D:13     | Found an iron altar of Okawaru.
 32791 | D:13     | Reached skill level 1 in Shields
 33553 | D:14     | Found an iron altar of Okawaru.
 33603 | D:14     | Reached skill level 14 in Fighting
 33603 | D:14     | Reached skill level 5 in Shields
 33603 | D:14     | Reached ****** piety under Trog
 33670 | D:14     | Received a gift from Trog
 34093 | D:12     | Bought a +1 cloak for 161 gold pieces
 34124 | D:12     | Bought a ring of poison resistance for 320 gold pieces
 34240 | Spider:1 | Entered Level 1 of the Spider Nest
 34946 | Spider:1 | Noticed an emperor scorpion
 34978 | Lair:3   | Killed an emperor scorpion
 36801 | Spider:2 | Reached skill level 15 in Fighting
 37116 | Spider:2 | Reached XP level 16. HP: 148/149 MP: 15/15
 37148 | Spider:2 | Reached skill level 10 in Shields
 37287 | Spider:2 | Received a gift from Trog
 38334 | Spider:3 | Noticed Bai Suzhen
 38345 | Spider:3 | Killed Bai Suzhen
 39092 | Spider:4 | Entered Level 4 of the Spider Nest
 39139 | Spider:4 | Identified Roxanne's Tome of Transformation
 39139 | Spider:4 | Noticed Roxanne
 39215 | Spider:4 | Noticed Mara
 39278 | Spider:3 | Reached skill level 16 in Fighting
 39786 | Spider:4 | Noticed LustLizard's illusion
 40078 | Spider:4 | Received a gift from Trog
 40131 | Spider:4 | Noticed Nikola
 40649 | Spider:4 | Noticed LustLizard's illusion
 40664 | Spider:3 | Noticed LustLizard's illusion
 40673 | Spider:3 | Killed Mara
 41086 | Spider:4 | Killed Nikola
 41703 | Spider:4 | Reached skill level 15 in Shields
 41708 | Spider:4 | Reached skill level 17 in Fighting
 41708 | Spider:4 | Reached XP level 17. HP: 85/161 MP: 3/16
 42428 | Spider:4 | Received a gift from Trog
 42571 | Spider:4 | Got a gossamer rune of Zot
 42783 | Shoals:1 | Entered Level 1 of the Shoals
 43731 | Shoals:1 | Reached skill level 18 in Fighting
 44612 | Shoals:2 | Identified the +1 pair of boots "Roulegg" {-Tele rCorr
                  | Int+5}
 44659 | Shoals:2 | Identified the +1 robe of the Wild Haggis {rF+ Int+7}
 45003 | Shoals:2 | Found a runed translucent gate.
 45007 | Shoals:2 | Found a runed translucent gate.
 45010 | Shoals:2 | Found a runed translucent gate.
 45936 | Shoals:2 | Reached skill level 19 in Fighting
 45973 | Shoals:2 | Identified the +1 leather armour "Nuing" {Will+}
 46534 | Shoals:3 | Received a gift from Trog
 47526 | Shoals:3 | Reached skill level 20 in Fighting
 47664 | Shoals:3 | Noticed Jorgrun
 48188 | Shoals:4 | Entered Level 4 of the Shoals
 48847 | Shoals:3 | Reached XP level 18. HP: 112/180 MP: 17/17
 49067 | Shoals:3 | Reached skill level 21 in Fighting
 49350 | Shoals:3 | Killed Jorgrun
 49507 | Shoals:4 | Received a gift from Trog
 50375 | Shoals:4 | Reached skill level 5 in Dodging
 50452 | Shoals:4 | Noticed Polyphemus
 50469 | Shoals:4 | Killed Polyphemus
 50469 | Shoals:4 | Received a gift from Trog
 51294 | Shoals:4 | Got a barnacled rune of Zot
 51953 | Spider:4 | Killed Roxanne
 52203 | D:15     | Entered Level 15 of the Dungeon
 52402 | D:15     | Found a staircase to the Depths.
 52407 | D:15     | Noticed Kirke
 52422 | D:15     | Killed Kirke
 53042 | D:15     | Noticed Rupert
 53052 | D:15     | Killed Rupert
 53066 | D:15     | Found Cacs's Armour Shop.
 53388 | D:15     | Noticed Josephine
 53403 | D:15     | Killed Josephine
 53864 | Vaults:1 | Entered Level 1 of the Vaults
 54083 | Vaults:1 | Received a gift from Trog
 54360 | Vaults:1 | Reached XP level 19. HP: 191/191 MP: 18/18
 54365 | Vaults:1 | Reached skill level 22 in Fighting
 56305 | Vaults:2 | Received a gift from Trog
 57845 | Vaults:3 | Received a gift from Trog
 58191 | Vaults:3 | Found a staircase to the Crypt.
 58191 | Vaults:3 | Found a basalt altar of Yredelemnul.
 58191 | Vaults:3 | Found an ancient bone altar of Kikubaaqudgha.
 58259 | Vaults:3 | Reached skill level 10 in Dodging
 58741 | Vaults:3 | Identified the ring "Dicviunewu" {rF+ Str+3}
 58786 | Vaults:3 | Reached XP level 20. HP: 163/202 MP: 19/19
 58799 | Vaults:3 | Identified the +10 dagger of the Past {flame, rN+ Dex+6}
 59057 | Vaults:3 | Reached skill level 23 in Fighting
 59683 | Vaults:4 | Received a gift from Trog
 59993 | Vaults:4 | Noticed a dread lich
 60009 | Vaults:4 | Killed a dread lich
 60019 | Vaults:4 | Reached skill level 15 in Armour
 60296 | Vaults:4 | Identified the +0 pair of boots of the Valley of Death {Fly
                  | Regen+ MP+9}
 60639 | Vaults:4 | Received a gift from Trog
 61044 | Elf:1    | Entered Level 1 of the Elven Halls
 61047 | Elf:1    | Identified the +0 plate armour "Maapeut" {Regen+ Dex+2}
 61977 | Elf:2    | Received a gift from Trog
 62005 | Elf:2    | Found a runed translucent gate.
 62005 | Elf:2    | Found a runed translucent gate.
 62009 | Elf:2    | Found a runed translucent gate.
 62057 | Elf:2    | Found Cepac's Book Shop.
 62115 | Elf:2    | Paralysed by an air elemental for 1 turns
 62119 | Elf:2    | Paralysed by an air elemental for 1 turns
 63092 | Elf:2    | Received a gift from Trog
 63436 | Orc:2    | Bought a potion of invisibility for 136 gold pieces
 63441 | Orc:2    | Bought 2 potions of haste for 220 gold pieces
 63555 | Depths:1 | Entered Level 1 of the Depths
 63562 | Depths:1 | Reached XP level 21. HP: 213/213 MP: 20/20
 63575 | Depths:1 | Reached skill level 24 in Fighting
 64077 | Depths:1 | Found a one-way gateway to a ziggurat.
 64097 | Depths:1 | Found Olulayq's General Store.
 64097 | Depths:1 | Found Obereat's Jewellery Shop.
 64112 | Depths:1 | Bought a scroll of enchant weapon for 97 gold pieces
 64138 | Depths:1 | Bought the ring of Crawling {rPois rN++ Str+6 Dex+4 Stlth-}
                  | for 1395 gold pieces
 64335 | Depths:1 | Received a gift from Trog
 64563 | Depths:1 | Found a gateway to Hell.
 65579 | Depths:2 | Found Maoruiph's Antique Armour Emporium.
 65930 | Depths:2 | Received a gift from Trog
 65973 | Depths:2 | Noticed a golden dragon
 65984 | Depths:2 | Killed a golden dragon
 66246 | Depths:2 | Reached XP level 22. HP: 102/224 MP: 21/21
 66326 | Depths:2 | Reached skill level 25 in Fighting
 66387 | Depths:2 | Found a basalt altar of Yredelemnul.
 66897 | Depths:2 | Found a one-way gate leading to the halls of Pandemonium.
 67403 | Depths:3 | Noticed Mennas
 67425 | Depths:3 | Killed Mennas
 67444 | Depths:3 | Received a gift from Trog
 67478 | Depths:3 | Noticed a caustic shrike
 67492 | Depths:3 | Killed a caustic shrike
 67509 | Depths:3 | Reached skill level 15 in Dodging
 67754 | Depths:3 | Identified the +11 flail of Action {protect, Dex+4 Stlth+}
 67928 | Depths:3 | Found a one-way gate to the infinite horrors of the Abyss.
 68052 | Depths:4 | Entered Level 4 of the Depths
 68286 | Depths:4 | Found a blossoming altar of Fedhas.
 68570 | Depths:4 | Found Pira's Assorted Antiques.
 68953 | Depths:4 | Found a gate to the Realm of Zot.
 69346 | Elf:3    | Entered Level 3 of the Elven Halls
 69482 | Elf:3    | Paralysed by an air elemental for 1 turns
 69637 | Elf:3    | Reached skill level 15 in Evocations
 69806 | Elf:3    | Found Nuapudwa's Assorted Antiques.
 69842 | Elf:3    | Found a runed translucent gate.
 69845 | Elf:3    | Found a runed translucent gate.
 69849 | Elf:3    | Found a runed translucent gate.
 69849 | Elf:3    | Noticed SuperSeabass's ghost (adept VSAM)
 70029 | Elf:3    | Identified the ring "Sobaf" {rPois rCorr Str+6}
 70073 | Elf:3    | Received a gift from Trog
 70103 | Elf:3    | Identified the +5 short sword of the Salmon {speed, rCorr
                  | Int+5}
 70179 | Elf:3    | Identified the +8 morningstar "Blob" {pain, rF++ rC+ MP+9}
 70179 | Elf:3    | Identified the amulet of Eternity {Regen+ Stlth+}
 70211 | Elf:3    | Identified the +8 chain mail of Hawkujy {Int+2}
 70767 | Depths:1 | Bought the ring of the City {rF+ Will+ Str+5} for 792 gold
                  | pieces
 71042 | Vaults:5 | Entered Level 5 of the Vaults
 71054 | Vaults:5 | Reached skill level 26 in Fighting
 71055 | Vaults:5 | Noticed a golden dragon
 71056 | Vaults:5 | Reached XP level 23. HP: 188/236 MP: 22/22
 71332 | Vaults:5 | Received a gift from Trog
 71538 | Vaults:5 | Identified the +9 scimitar "Ihoifeeb" {drain, Str+4 Dex+2}
 71981 | Vaults:5 | Found the +7 lajatang of Order {silver, rMut}
 71993 | Vaults:5 | Identified the +4 shortbow of Gallantry {venom, rC+ Will++
                  | Str-4 Int+4}
 71997 | Vaults:5 | Identified the ring "Refybyem" {rN+ MP+9}
 72063 | Vaults:5 | Identified the ring of Noon {rPois rC+ rN++ Will+++ MP-9}
 72127 | Vaults:5 | Noticed a dread lich
 72138 | Vaults:5 | Killed a dread lich
 72170 | Vaults:5 | Received a gift from Trog
 72495 | Vaults:5 | Noticed an ancient lich
 72508 | Vaults:5 | HP: 4/238 [ancient lich/bolt of acid (19)]
 72509 | Vaults:5 | Found Vyitzy's Distillery.
 72510 | Vaults:5 | Found Jut Wymy's Distillery.
 72511 | Vaults:5 | Found Usheorph's Magic Scroll Boutique.
 72664 | Vaults:5 | Killed an ancient lich
 72708 | Vaults:5 | Bought a scroll of blinking for 105 gold pieces
 72760 | Vaults:5 | Bought a potion of cancellation for 160 gold pieces
 72760 | Vaults:5 | Bought a potion of cancellation for 160 gold pieces
 73192 | Vaults:5 | Got a silver rune of Zot
 73613 | Zot:1    | Entered Level 1 of the Realm of Zot
 73989 | Zot:1    | HP: 7/239 [black draconian knight/bolt of cold (15)]
 73991 | Zot:1    | Killed from afar by a black draconian knight

Illustrated notes

Levels and vault maps discovered:
D:1:      onia_arrival_pentagram, layout_loops_ring
D:2:      layout_loops_corners, serial_co_window_serial, co_window_corner_a,
          co_window_corner_a, co_window_paths_a, co_window_paths_a,
          co_window_paths_b, co_window_paths_a, co_window_corner_a,
          co_window_corner_a, co_window_corner_a, co_window_of_opportunity_b,
          co_window_2corner, co_window_of_opportunity_c, co_window_paths_d,
          co_window_4corner_a, glass_columns_b, uniq_robin, uniq_terence
D:3:      layout_rooms, xom_redecorated, jmf_multi_god_temple2,
          basic_ecumenical_altar, minmay_hedge_maze, serial_bayou_crossing
D:4:      layout_gridville, mainiacjoe_overflow_alcove_4, old_standard_altar,
          grunt_dithmenos_smoke, minmay_temple_entry_statues, enter_ossuary_5,
          serial_shops, nicolae_inconvenience_store
D:5:      lemuel_castle_with_subvaults [lemuel_castle_interior_carwin_1],
          layout_basic, grunt_temple_overflow_opulence,
          mainiacjoe_overflow_24_doors, minmay_crystal_water, abandoned_shop,
          palyth_stone_intersect, chequers_serial_rivers_room_a
D:6:      layout_basic, fedhas_altar_2, chequers_serial_rivers_small_3,
          uniq_pikel, uniq_duvessa, uniq_eustachio, uniq_crazy_yiuf_cottage
D:7:      layout_gridville, minmay_fractal_squares_5, uniq_maggie
D:8:      layout_basic, mainiacjoe_overflow_alcove_1,
          minmay_fractal_squares_diagonal_5
D:9:      layout_basic, dpeg_lair_monsters, kennysheep_another_room,
          skrybe_limestone_x
D:10:     layout_long_grid, ebering_ghost_funeral_grove
D:11:     layout_roguey, uniq_erica
D:12:     layout_grid_maze, orc_david_3, serial_shops, kennysheep_mini_moat
D:13:     layout_basic, ximxim_vaults_locker_room,
          gammafunk_ghost_fury_of_okawaru, nicolae_figureground_sparkle
D:14:     layout_loops_ring, okawaru_ov_weapons_minmay
D:15:     hangedman_depths_entry_civil_slaughter, layout_basic, serial_shops,
          shop, uniq_kirke, uniq_rupert, uniq_josephine
Lair:1:   layout_regular_city, infiniplex_staircase_pool_2
Lair:2:   layout_loops_ring, grunt_megastairs_5
Lair:3:   layout_chaotic_city, spider_nest_entry_rubble, wad_woods_road_03,
          st_stairs_9, nzn_sisyphean_effort, serial_bayou_shore_b
Lair:4:   layout_gridlike, minmay_shoals_entry_hut,
          nicolae_quartered_pool_medium, lemuel_fruit_fields
Lair:5:   layout_big_grid, minmay_slime_entry_oklob_enclosed, st_stairs_13
Lair:6:   due_jungle_book, layout_loops_ring, minivault_25,
          kennysheep_basilisk_garden, uniq_nessos
Shoals:1: nicolae_shoals_island_circles, layout_shoals
Shoals:2: layout_shoals, nicolae_shoals_beach_cooler
Shoals:3: layout_shoals, nicolae_shoals_secluded_bog, uniq_jorgrun
Shoals:4: shoals_end_hellmonk_lost_city, uniq_polyphemus
Spider:1: layout_spider_delve, hellmonk_test_site
Spider:2: layout_chambers
Spider:3: layout_spider_delve, uniq_bai_suzhen
Spider:4: spider_rune_water, worms_lemuel, uniq_roxanne, uniq_nikola, uniq_mara
Orc:1:    layout_diamond_mine, nicolae_orc_rockfall, nicolae_orc_crystal_geode
Orc:2:    st_orc_open, layout_diamond_mine
Elf:1:    layout_loops_cross, kennysheep_underground_church, drop_trap
Elf:2:    nicolae_elf_blades_splatter_lattice [mumra_blade_entry_dagger],
          layout_onion_city, serial_shops, nicolae_take_the_stairs,
          columned_hall_lemuel
Elf:3:    grunt_elf_hall_asides, layout_gridlike, gammafunk_ghost_split,
          serial_shops, nicolae_square_shop
Vaults:1: grunt_vaults_diagonal, v_misc_26, v_alt_pattern_5,
          vaults_standard_mumra_x, grunt_vaults_funnel, v_pattern_5,
          ontoclasm_vaults_shuriken, grunt_vaults_hallway_short, v_misc_15,
          layout_vaults_big_cross
Vaults:2: nicolae_vaults_windows_and_doors_thing, v_misc_27, v_pattern_1,
          grunt_vaults_focal, nicolae_vaults_network_periphery,
          hangedman_vaults_snaps, nicolae_vaults_mini_display_case,
          ontoclasm_vaults_pinch, v_misc_8, layout_vaults_omnibox
Vaults:3: grunt_vaults_swirl, ontoclasm_vaults_eye, vaults_room_guarded_vault,
          v_alt_pattern_3, nicolae_vaults_network_barrier, vaults_room_grid,
          vaults_room_semicircle, minmay_crypt_entry_necro_gods,
          nicolae_vaults_little_squares_1, nicolae_vaults_angled_halls,
          ontoclasm_vaults_ligature, layout_vaults_big_room
Vaults:4: nicolae_vaults_circle_grid_a, ontoclasm_vaults_misaligned,
          vaults_dpeg_encased_lava, nicolae_vaults_theta, v_pattern_2,
          hangedman_vaults_corner, nicolae_vaults_ring_of_whatevers,
          nicolae_vaults_know_your_exits, layout_vaults_ring
Vaults:5: serial_shops, uniq_margery
Depths:1: layout_honeycomb, enter_ziggurat_d, serial_sigils_hangedman_etch,
          grunt_mini_vestibule, nooodl_orcs_dogs, minmay_shoptagon
Depths:2: minmay_the_grid_3x3 [minmay_the_grid_medium_cups,
          minmay_the_grid_garden, minmay_the_grid_dragon_a,
          minmay_the_grid_embedded, minmay_the_grid_diamond_grid,
          minmay_the_grid_mess, minmay_the_grid_small_cups,
          minmay_the_grid_minigrid_small_alt,
          minmay_the_grid_prize_inner_circle], layout_basic,
          grunt_pan_entry_zigzag, serial_shops,
          nicolae_shop_competitors_out_of_business, hell_entry,
          lemuel_round_altar, serial_bayou_shore_b
Depths:3: minmay_box_of_curves, layout_cave_pools, hell_entry,
          marbit_kobold_abyss_entry, uniq_mennas
Depths:4: grunt_zot_entry_hairpin, layout_cross, pan_entry, hell_entry,
          lemuel_doored_altar, serial_shops, shop_coins, minmay_crystal_room
Zot:1:    layout_cellular_growth, grunt_ministairs_5

Skill      XL: |  1  2  3  4  5  6  7  8  9 10 11 12 13 14 15 16 17 18 19 20 21 22 23 |
---------------+----------------------------------------------------------------------+-----
Axes           | 4 5 6 8 9 10 12 13 15 16 17 18 | 18.0
Throwing       | 1 2 3 4 5 7 8 9 11 12 13 14 15 16 | 16.0
Fighting       | 4 5 6 7 8 9 10 11 12 13 15 17 20 21 22 23 24 26 | 26.8
Evocations     | 2 4 6 8 9 10 12 13 14 15 16 | 16.3
Armour         | 5 9 10 12 14 16 17 19 20 | 20.7
Dodging        | 3 7 10 12 14 16 17 | 17.4
Shields        | 9 15 16 | 16.0

Action                   |  1- 3 |  4- 6 |  7- 9 | 10-12 | 13-15 | 16-18 | 19-21 | 22-24 || total
-------------------------+-------+-------+-------+-------+-------+-------+-------+-------++-------
Melee: Hand axe          |    77 |   144 |   416 |       |       |       |       |       ||   637
       Headbutt          |    14 |    36 |    88 |    77 |   244 |   323 |   419 |   282 ||  1483
       Punch             |       |     2 |     7 |     3 |     9 |       |       |       ||    21
       Broad axe         |       |       |     2 |   403 |   867 |  1255 |  1427 |   826 ||  4780
       Battleaxe         |       |       |       |       |    90 |       |       |       ||    90
       Executioner's axe |       |       |       |       |     5 |       |       |       ||     5
Throw: Dart              |     1 |       |     6 |    14 |       |       |       |       ||    21
       Stone             |       |   110 |   181 |   302 |   333 |   560 |       |       ||  1486
       Boomerang         |       |       |       |     8 |    18 |    80 |   159 |    49 ||   314
       Throwing net      |       |       |       |     2 |       |       |       |       ||     2
       Javelin           |       |       |       |       |       |     5 |       |       ||     5
Invok: Berserk           |       |     1 |     7 |     5 |     3 |     3 |       |       ||    19
       Trog's Hand       |       |       |     2 |     2 |       |     2 |     3 |     3 ||    12
       Brothers in Arms  |       |       |       |     1 |     2 |     4 |     5 |     4 ||    16
  Use: Scroll            |       |       |     7 |    13 |     8 |    12 |     3 |    12 ||    55
       Potion            |       |       |       |       |     2 |     3 |     1 |     3 ||     9
 Stab: Distracted        |       |       |       |     1 |     1 |     1 |       |     2 ||     5
       Petrified         |       |       |       |       |       |     3 |       |       ||     3
       Petrifying        |       |       |       |       |       |     2 |       |       ||     2
Armor: Ring mail         |    23 |    10 |       |       |       |       |       |       ||    33
       Chain mail        |       |    51 |   141 |       |       |       |       |       ||   192
       Plate armour      |       |       |    19 |   262 |   272 |       |       |       ||   553
       Crystal plate arm |       |       |       |       |   241 |   652 |   531 |   480 ||  1904
Dodge: Dodged            |    42 |    44 |   174 |   234 |   372 |   327 |   346 |   351 ||  1890
Block: Other             |       |       |       |    74 |   159 |       |       |       ||   233
       Reflection        |       |       |       |     7 |     4 |    97 |    71 |    10 ||   189
       Kite shield       |       |       |       |       |    51 |  1081 |   950 |   604 ||  2686
